Map: 공허 분쇄

Players

테라진

  • Race: Protoss Protoss
  • Spawn Location: 9:00

펜타네스트

  • Race: Terran Terran
  • Spawn Location: 6:00

VOD

Have the link to the VOD?

Description

Time

  • Played on: Aug. 20, 2017, 3:03 a.m.
  • Length: 18:43
Show
View Real Time Build Order
Export as new Build Order

테라진 Protoss 

Build Orders:  

Get SALT Encoding   

  12  0:02  Probe (Chrono Boost)  
  13  0:16  Probe (Chrono Boost)  
  14  0:30  Pylon  
  14  0:31  Probe (Chrono Boost)  
  15  0:54  Probe (Chrono Boost)  
  16  1:08  Probe (Chrono Boost)  
  17  1:21  Pylon  
  17  1:22  Probe (Chrono Boost)  
  18  1:36  Probe (Chrono Boost)  
  19  1:50  Probe (Chrono Boost)  
  19  1:54  Nexus  
  20  2:03  Probe (Chrono Boost)  
  21  2:17  Assimilator, Probe (Chrono Boost)  
  22  2:25  Assimilator  
  22  2:31  Probe (Chrono Boost)  
  22  2:34  Gateway  
  23  2:45  Probe (Chrono Boost)  
  24  2:54  Pylon  
  24  2:59  Probe (Chrono Boost)  
  25  3:15  Probe (Chrono Boost)  
  26  3:29  Probe (Chrono Boost)  
  26  3:35  Probe (Chrono Boost)  
  28  3:41  Cybernetics Core  
  28  3:43  Probe (Chrono Boost)  
  28  3:48  Probe (Chrono Boost)  
  30  3:58  Probe (Chrono Boost)  
  31  4:12  Probe (Chrono Boost)  
  31  4:14  Probe (Chrono Boost)  
  31  4:18  Assimilator  
  33  4:20  Assimilator  
  33  4:26  Probe (Chrono Boost)  
  33  4:28  Probe (Chrono Boost)  
  35  4:33  Death Council  
  35  4:40  Probe (Chrono Boost)  
  35  4:41  Pylon  
  35  4:42  Probe (Chrono Boost)  
  37  4:54  Probe (Chrono Boost)  
  37  4:56  Probe (Chrono Boost)  
  39  5:08  Probe (Chrono Boost)  
  40  5:10  Probe (Chrono Boost)  
  40  5:12  Pylon  
  40  5:14  Pylon  
  41  5:22  Probe (Chrono Boost)  
  41  5:23  Probe (Chrono Boost)  
  43  5:30  Pylon  
  43  5:37  Gateway, Probe (Chrono Boost)  
  43  5:39  Ascendant Archives  
  44  5:45  Forge  
  44  5:48  Probe (Chrono Boost)  
  45  5:51  Probe (Chrono Boost)  
  46  6:02  Probe (Chrono Boost)  
  46  6:05  Probe (Chrono Boost), Warp Gate  
  48  6:15  Gateway  
  48  6:17  Pylon  
  48  6:18  Gateway  
  48  6:55  Pylon  
  48  6:57  Power Overwhelming (Chrono Boost)  
  48  6:58  Pylon  
  48  7:00  Gateway  
  48  7:01  Gateway  
  48  7:02  Pylon  
  48  7:03  Gateway  
  48  7:07  Gateway  
  48  7:10  Imposing Presence  
  48  7:36  Pylon  
  48  7:48  Mind Blast (Chrono Boost)  
  48  8:30  Pylon  
  48  8:34  Ascendant x2, Pylon  
  48  8:35  Ascendant x3  
  48  8:37  Supplicant x2  
  48  8:38  Supplicant x2  
  48  8:39  Chaotic Attunement (Chrono Boost)  
  66  8:42  Cloaking Module  
  66  8:54  Ascendant  
  66  8:57  Ascendant  
  70  9:03  Supplicant x2  
  64  9:42  Detect Weakness  
  64  9:44  Pylon  
  64  9:56  Ascendant  
  64  9:57  Ascendant x2  
  70  10:02  Supplicant x4  
  70  10:03  Supplicant x6  
  70  10:32  Mothership  
  70  10:57  Ascendant x3  
  76  11:00  Supplicant x6  
  76  11:01  Supplicant x2  
  90  11:12  Bloodshard Resonance  
  78  11:22  Ascendant  
  78  11:25  Supplicant x8  
  90  11:36  Ascendant  
  90  11:37  Nexus  
  84  11:59  Ascendant  
  86  12:01  Supplicant x4  
  86  12:02  Supplicant x4  
  86  12:03  Supplicant x2  
  106  12:16  Ascendant  
  106  12:18  Supplicant x2  
  112  12:20  Supplicant x2  
  112  12:23  Supplicant x4  
  94  13:23  Havoc x2  
  94  13:26  Ascendant x2  
  94  13:28  Supplicant x6  
  94  13:29  Supplicant x2  
  116  13:47  Supplicant x2  
  116  13:48  Supplicant x4  
  128  13:51  Supplicant x2  
  106  14:23  Supplicant x6  
  106  14:24  Supplicant x2  
  112  14:47  Ascendant x2  
  112  14:49  Havoc x2  
  118  14:51  Supplicant x2  
  118  14:52  Supplicant x6  
  94  15:38  Mothership  
  94  16:03  Supplicant x6  
  94  16:04  Supplicant x8  
  94  16:05  Supplicant x2  
  124  16:12  Blood Shields  
  114  16:30  Supplicant x4  
  114  16:31  Supplicant x4  
  114  17:12  Soul Augmentation  
  94  17:34  Supplicant x4  
  94  17:35  Supplicant x2  
  97  17:52  Pylon  
  97  17:56  Pylon  
  93  18:00  Pylon  
  91  18:14  Pylon  
Show
View Real Time Build Order
Export as new Build Order

펜타네스트 Terran 

Build Orders:  

Get SALT Encoding   

  12  0:03  SCV  
Tags
 
Commander
AlarakRaynor
Matchup
Co-op
Replay Pack
Co-op Speedrun
Add a new tag
Caveats
  • Supply blocks, unpowered buildings, or Contaminate may cause inaccurate times.
  • Supply counts are checked every 10 seconds.